 Dungeon Crawl Stone Soup version 0.26-a0-466-g989023bd0d (webtiles) character file.

Game seed: 17420986576202133457

4 HoaS the Sneak (level 1, 0/14 HPs)
             Began as a Gargoyle Delver on Aug 2, 2020.
             Slain by an ice beast (3 damage)
             ... on level 4 of the Dungeon.
             The game lasted 00:00:59 (211 turns).

HoaS the Sneak (Gargoyle Delver)                     Turns: 211, Time: 00:00:59

Health: 0/14       AC:  5    Str: 15    XL:     1   Next: 70%
Magic:  1/1        EV: 11    Int: 10    God:
Gold:   6          SH:  0    Dex: 11    Spells: 0/0 levels left

rFire    . . .     SeeInvis .     - Unarmed
rCold    . . .     Faith    .   (no shield)
rNeg     + . .     Spirit   .   a - +0 leather armour
rPois    ∞         Reflect  .   (no helmet)
rElec    +         Harm     .   (no cloak)
rCorr    .                      (no gloves)
MR       .....                  (no boots)
Stlth    +++.......             (no amulet)
HPRegen  0.04/turn              (no ring)
MPRegen  0.07/turn              (no ring)

@: hasted, very quick
A: negative energy resistance 1, electricity resistance, unbreathing,
petrification resistance, rot immunity, AC +2
a: no special abilities


You were on level 4 of the Dungeon.
You visited 1 branch of the dungeon, and saw 2 of its levels.

You collected 6 gold pieces.

Inventory:

Armour
 a - a +0 leather armour (worn)
Wands
 f - a wand of digging (3)
Scrolls
 b - a scroll of fog
 c - a scroll of magic mapping
 d - a scroll of fear


   Skills:
 - Level 3.2 Fighting
 - Level 1.5 Dodging
 - Level 5.4 Stealth
 + Level 2.4 Unarmed Combat


You couldn't memorise any spells.
You didn't know any spells.
Your spell library was empty.

Dungeon Overview and Level Annotations

Branches:
Dungeon (5/15)             Temple (0/1) D:4

Altars:


Innate Abilities, Weirdness & Mutations

You are resistant to torment.
Your stone body is resilient. (AC +2)
You are immune to poison.
You resist negative energy. (rN+)
You are resistant to electric shocks. (rElec)
You can survive without breathing.
You are immune to petrification.
You are immune to rotting.


Message History

An ufetubus comes into view.
Found 15 stones.
There is a stone staircase leading up here.
The ice beast hits you. The ice beast freezes you!
Ouch! That really hurt!
* * * LOW HITPOINT WARNING * * *
You climb upwards.
An adder and a quokka come into view.
Found 19 stones.
Found a staircase to the Ecumenical Temple.
There is a stone staircase leading down here.
Evoke which item? (* to show all) (? for menu, Esc to quit)
Evoke which item? (* to show all) (? for menu, Esc to quit)
You don't have any such object.
Evoke which item? (* to show all) (? for menu, Esc to quit)
Okay, then.
Unknown command.
Unknown command.
You feel yourself speed up. The ice beast hits you.
You die...

.......#
......#
.....# #
#....#
..##....#
........#
......Y.#
..r....@#
........#
........#
###...###
#.⌠. #.(.
S.. ⌠..>


You could see an ice beast, an adder (asleep) and a quokka.

Vanquished Creatures
  An ooze (D:5)
1 creature vanquished.

Notes
Turn   | Place    | Note
-------+----------+-------------------------------------------
     0 | D:5      | HoaS the Gargoyle Delver began the quest for the Orb.
     0 | D:5      | Reached XP level 1. HP: 14/14 MP: 1/1
   205 | D:5      | Noticed an ice beast
   210 | D:4      | Found a staircase to the Ecumenical Temple.
   211 | D:4      | Slain by an ice beast

Illustrated notes

Levels and vault maps discovered:
D:4:      layout_gridville, nicolae_overflow_hidden_temple,
          minmay_temple_entry_junction, uniq_pikel
D:5:      layout_cave_pods, serial_park, serial_park_tiny_1, serial_park_paths
          [serial_park_minivault_5x5_6], serial_park_tiny_1,
          kennysheep_slug_shrine

Action                   || total
-------------------------++-------
Melee: Unarmed           ||     8
  Use: Potion            ||     1
 Stab: Sleeping          ||     1
Armor: Leather armour    ||     1
Dodge: Dodged            ||     3

Table legend: (Time is in decaauts)
 A = Elapsed time spent in this place.
 B = Non-inter-level travel time spent in this place.
 C = Inter-level travel time spent in this place.
 D = Time resting spent in this place.
 E = Time spent auto-exploring this place.
 F = Levels seen in this place.
 G = Mean time per level.
                   A        B        C        D        E       F      G
               +--------+--------+--------+--------+--------+-----+--------+
         Total |    210 |    210 |      0 |    117 |     33 |   2 |  105.0 |
       Dungeon |    210 |    210 |      0 |    117 |     33 |   2 |  105.0 |
               +--------+--------+--------+--------+--------+-----+--------+

Top non-repeatable levels by time:
     D:5: 209 daAuts
     D:4: 0 daAuts
